 Dungeon Crawl Stone Soup version 0.23-a0-207-g93a313e (webtiles) character file.

91 George the Slasher (level 4, 0/35 HPs)
             Began as a Demonspawn Fighter on Sept 24, 2018.
             Slain by an adder (4 damage)
             ... on level 1 of the Dungeon.
             The game lasted 00:03:01 (1998 turns).

George the Slasher (Demonspawn Fighter)             Turns: 1998, Time: 00:03:01

Health: 0/35       AC:  9    Str: 18    XL:     4   Next: 33%
Magic:  4/4        EV:  7    Int:  7    God:
Gold:   71         SH:  8    Dex: 12    Spells: 3/3 levels left

rFire    . . .     SeeInvis .   a - +0 long sword
rCold    . . .     Gourm    .   c - +0 shield
rNeg     . . .     Faith    .   b - +0 scale mail
rPois    .         Spirit   .   i - +0 helmet
rElec    .         Reflect  .   (no cloak)
rCorr    .         Harm     .   (no gloves)
MR       .....                  (no boots)
Stlth    ..........             (no amulet)
HPRegen  0.11/turn              k - -2 ring of intelligence (curse)
MPRegen  0.09/turn              (no ring)

@: lethally poisoned (0 -> -3)
A: iridescent scales 1, demonic guardian 1
a: no special abilities


You were on level 1 of the Dungeon.
You were hungry.

You visited 1 branch of the dungeon, and saw 2 of its levels.

You collected 71 gold pieces.

Inventory:

Hand Weapons
 a - a +0 long sword (weapon)
Armour
 b - a +0 scale mail (worn)
 c - a +0 shield (worn)
 h - a +0 chain mail
 i - a +0 helmet (worn)
Jewellery
 k - a cursed -2 ring of intelligence (left hand)
Scrolls
 e - a scroll of teleportation
 g - a scroll of identify
 j - 3 scrolls of enchant weapon
Potions
 d - a potion of might
Comestibles
 f - 3 rations


   Skills:
 - Level 3.0 Fighting
 + Level 4.2 Long Blades
 - Level 2.6 Armour
 - Level 2.6 Shields


You had 3 spell levels left.
You didn't know any spells.
Your spell library was empty.

Dungeon Overview and Level Annotations

Branches:
Dungeon (2/15)

Altars:
Gozag
Wu Jian

Shops:
D:2 *


Innate Abilities, Weirdness & Mutations

You are partially covered in iridescent scales. (AC +2)
A weak demonic guardian rushes to your aid.


Message History

The ooze is almost dead.
The jackal closely misses you.
You riposte.
You miss the jackal.
The jackal is heavily wounded.
You block the adder's attack. The ooze hits you.
* * * LOW HITPOINT WARNING * * *
The jackal bites you.
* * * LOW HITPOINT WARNING * * *
The adder bites you.
* * * LOW HITPOINT WARNING * * *
Okay, then.
You slash the ooze!
You kill the ooze!
You feel sick. You block the jackal's attack. The adder completely misses you.
The jackal bites you.
* * * LOW HITPOINT WARNING * * *
Your scale mail prevents you from hitting the adder.
The adder is moderately wounded.
You block the adder's attack. You block the jackal's attack.
The adder bites you.
You die...

##################
#@h...............
#.S.#...#######...
#####.#####...### #...
#.....# ###...###...
#.....# ###...#...
###.....# ###...#+
#.'.....# ###...
#.#....#################
#.#....'..............^.


You could see an adder and a jackal.

Vanquished Creatures
  2 adders (D:2)
  An ooze (D:1)
  2 dart slugs (D:1)
  2 leopard geckos (D:1)
  4 bats
  2 giant cockroaches
  6 goblins
  6 hobgoblins
  3 frilled lizards
  4 kobolds
  4 rats
36 creatures vanquished.

Vanquished Creatures (collateral kills)
  A scorpion (D:2)
  A kobold (D:2)
2 creatures vanquished.

Grand Total: 38 creatures vanquished

Notes
Turn   | Place    | Note
-------+----------+-------------------------------------------
     0 | D:1      | George the Demonspawn Fighter began the quest for the Orb.
     0 | D:1      | Reached XP level 1. HP: 18/18 MP: 1/1
     8 | D:1      | Reached skill level 2 in Long Blades
   135 | D:1      | Gained mutation: A weak demonic guardian rushes to your
                  | aid. [demonic ancestry]
   135 | D:1      | Reached XP level 2. HP: 16/24 MP: 2/2
   288 | D:1      | HP: 1/24 [hobgoblin (1)]
   311 | D:1      | Reached skill level 3 in Long Blades
  1260 | D:2      | Reached XP level 3. HP: 28/29 MP: 3/3
  1275 | D:2      | Found an opulent altar of Gozag.
  1277 | D:2      | Found Gozag's Platinum Reserve.
  1776 | D:2      | Found an ornate altar of the Wu Jian Council.
  1857 | D:2      | Noticed a scorpion
  1868 | D:2      | Killed a scorpion
  1868 | D:2      | Reached skill level 4 in Long Blades
  1868 | D:2      | Gained mutation: You are partially covered in iridescent
                  | scales. (AC +2) [demonic ancestry]
  1868 | D:2      | Reached XP level 4. HP: 23/35 MP: 4/4
  1998 | D:1      | Slain by an adder

Vault maps used:
D:1:      eino_arrival_druids_welcome
D:2:      lemuel_round_altar, nicolae_gozag_zags_fifth_avenue,
          minmay_misc_feat_more_columns, columned_hall_lemuel,
          minmay_misc_feat_square, minmay_split_cup_small

Skill      XL: |  1  2  3 |
---------------+----------+-----
Long Blades    | 2 3 4 |  4.2
Fighting       | |  3.0
Armour         | |  2.6
Shields        | |  2.6

Action                   |  1- 3 |  4- 6 || total
-------------------------+-------+-------++-------
Melee: Long sword        |   117 |    28 ||   145
  Use: Scroll            |     3 |       ||     3
  Eat: Chunk             |     3 |       ||     3
Armor: Scale mail        |    69 |    20 ||    89
Dodge: Dodged            |    38 |    14 ||    52
Block: Shield            |    74 |    26 ||   100
       Rpst.: Long sword |    13 |     3 ||    16

Table legend:
 A = Non-vault XP
 B = Vault XP
 C = Vault XP percentage of total XP
 D = Non-vault monster count
 E = Vault monster count
 F = Vault count percentage of total count
                 A         B        C        D         E       F
            +---------+---------+-------+---------+---------+-------
      Total |     128 |       2 |   1.5 |      37 |       1 |   2.6
            +---------+---------+-------+---------+---------+-------
        D:1 |      45 |       0 |   0.0 |      19 |       0 |   0.0
        D:2 |      83 |       2 |   2.4 |      18 |       1 |   5.3
            +---------+---------+-------+---------+---------+-------
